 Dungeon Crawl Stone Soup version 0.30-a0-800-g7c544603b3 (webtiles) character file.

Game seed: 17097638682509292376

536 Newt the Cutter (level 7, -5/54 HPs)
             Began as a Demonspawn Gladiator on Feb 21, 2023.
             Was an Initiate of Dithmenos.
             Killed by nerve-wracking pain
             ... invoked by an orc priest
              (9 damage)
             ... on level 4 of the Dungeon.
             The game lasted 00:04:12 (3150 turns).

Newt the Cutter (Demonspawn Gladiator)              Turns: 3150, Time: 00:04:12

Health: -5/54      AC:  7    Str: 16    XL:     7   Next: 4%
Magic:  7/7        EV: 15    Int: 10    God:    Dithmenos [......]
Gold:   134        SH:  0    Dex: 22    Spells: 6/6 levels left

rFire   . . .      SeeInvis .    r - -1 demon blade
rCold   . . .      Faith    .    (no shield)
rNeg    . . .      Spirit   .    b - +0 leather armour
rPois   .          Reflect  .    c - +0 helmet
rElec   .          Harm     .    (no cloak)
rCorr   .          Rampage  .    (no gloves)
Will    .....                    o - +1 pair of boots
Stlth   +++                      (no amulet)
HPRegen 0.29/turn                l - +6 ring of dexterity
MPRegen 0.10/turn                (no ring)

@: no status effects
A: foul stench 2, powered by pain 2, thin skeletal structure 1, shaggy fur 1
a: Renounce Religion


You were on level 4 of the Dungeon.
You worshipped Dithmenos.
Dithmenos was noncommittal.
You visited 2 branches of the dungeon, and saw 6 of its levels.

You collected 274 gold pieces.
You spent 140 gold pieces at shops.

Inventory:

Hand Weapons
 a - a +0 rapier
 g - a +3 dagger
 r - a -1 demon blade (weapon)
 t - a +0 dagger of venom
Missiles
 e - a javelin (quivered)
 j - 3 boomerangs of dispersal
 v - 3 boomerangs
 x - 4 poisoned darts
Armour
 b - a +0 leather armour (worn)
 c - a +0 helmet (worn)
 o - a +1 pair of boots (worn)
 q - an orb of guile
Jewellery
 l - a +6 ring of dexterity (left hand)
Scrolls
 m - a scroll of fog
 w - a scroll of teleportation
Potions
 f - a potion of magic
 h - a potion of degeneration {unknown}
 i - a potion of mutation
 k - a potion of might {unknown}
 n - a potion of curing {unknown}
 p - a potion of attraction {unknown}
 s - a potion of heal wounds {unknown}
 u - a potion of haste {unknown}


   Skills:
 - Level 4.0 Fighting
 - Level 5.0 Short Blades
 + Level 0.5(3.1) Long Blades
 - Level 1.7 Throwing
 - Level 5.0 Dodging


You had 6 spell levels left.
You didn't know any spells.
Your spell library contained the following spells:

 Spells                   Type           Power      Damage    Failure   Level
 Shock                    Conj/Air       0%         1d3       43%         1
 Lesser Beckoning         Tloc           0%         N/A       56%         2
 Gell's Gravitas          Tloc           0%         N/A       80%         3
 Swiftness                Air            0%         N/A       80%         3
 Teleport Other           Tloc           0%         N/A       80%         3
 Airstrike                Air            0%         2d(0-16)  99%         4


Dungeon Overview and Level Annotations

Branches:
Dungeon (5/15)             Temple (1/1) D:4

Altars:
Ashenzari
Cheibriados
Dithmenos
Hepliaklqana
Makhleb
Sif Muna
Wu Jian
Xom

Shops:
D:4 *


Innate Abilities, Weirdness & Mutations

You sometimes emit foul miasma when damaged in melee.
You sometimes gain power by taking damage.
You have a somewhat thin skeletal structure. (Dex +2, Stealth+)
You are covered in fur. (AC +1)


Message History

Press: ? - help, Q - select action, (/) - cycle Shift-Dir - straight line, f - orc priest
Aim: an orc priest, wielding a +0 hand axe (moderately wounded, 64% to hit)
You throw a throwing net.
The throwing net closely misses the orc priest.
The orc barely misses you. The orc priest barely misses you.
You hear some strange, mumbled words.
A puff of flame appears from out of thin air!
Deactivating autopickup; reactivate with Ctrl-A.
The puff of flame hits you.
* * * LOW HITPOINT WARNING * * *
Throw: throwing net
Press: ? - help, Q - select action, (/) - cycle Shift-Dir - straight line, f/p - orc priest
Aim: an orc priest, wielding a +0 hand axe (moderately wounded, 64% to hit)
You throw a throwing net. The throwing net hits the orc priest.
The orc priest is caught in the net!
The orc priest is moderately wounded.
The orc hits you but does no damage.
You hear some strange, mumbled words.
A puff of flame appears from out of thin air!
The puff of flame hits you!
* * * LOW HITPOINT WARNING * * *
The orc priest struggles against the net.
You strike the helpless orc priest from behind!
You hit the orc priest but do no damage.
The orc priest is moderately wounded.
The orc barely misses you. Something hits you but does no damage.
The orc priest looks encouraged for a moment.
The orc priest struggles against the net.
It was a potion of mutation.
You feel extremely strange.
Your bones become slightly less dense.
You feel resistant to poisons.
You feel less resistant to poisons. Fur sprouts all over your body.
The orc misses you. Something hits you but does no damage.
You hit the orc priest.
The orc priest is moderately wounded.
The orc hits you with a +0 hand axe.
* * * LOW HITPOINT WARNING * * *
You emit a cloud of foul miasma!
The orc priest invokes the aid of Beogh against you.
Pain shoots through your body!
You die...

##...##....## #...##
#...........# #...##
#......∩...########...>.
#..........##.....##....
#...........'...........
#...........#...........
#######.########..##.###..#
##..####'###o..##..##.###..#
#......#..o@............#...
#......#..{.............+...
#......#........<.......#.[.
#......#................#...
##........#..#.######..##..#
#############'######..###'#
#.....#.........
#.....#.........
#.....#....#####


You could see an orc priest (caught) and an orc (poisoned).

Vanquished Creatures
  Sigmund (D:2)
  A water moccasin (D:4)
  A scorpion (D:4)
  A hound (D:5)
  An orc wizard (D:4)
  5 adders
  2 dart slugs
  10 orcs
  4 endoplasms
  5 giant cockroaches
  6 goblins
  6 hobgoblins
  6 jackals (D:1)
  3 quokkas (D:1)
  7 ball pythons
  8 bats
  2 frilled lizards
  6 kobolds
  6 rats
81 creatures vanquished.

Notes
Turn   | Place    | Note
-------+----------+-------------------------------------------
     0 | D:1      | Newt the Demonspawn Gladiator began the quest for the Orb.
     0 | D:1      | Reached XP level 1. HP: 16/16 MP: 1/1
   217 | D:1      | Gained mutation: You sometimes gain a little power by
                  | taking damage. [demonic ancestry]
   217 | D:1      | Reached XP level 2. HP: 23/23 MP: 2/2
   998 | D:2      | Reached XP level 3. HP: 26/29 MP: 3/3
  1188 | D:2      | Noticed Sigmund
  1200 | D:2      | Killed Sigmund
  1201 | D:2      | Reached XP level 4. HP: 37/37 MP: 4/4
  1201 | D:2      | Gained mutation: You may rarely emit foul miasma when
                  | damaged in melee. [demonic ancestry]
  1201 | D:2      | Reached XP level 5. HP: 42/42 MP: 5/5
  1454 | D:2      | Reached skill level 5 in Short Blades
  1768 | D:3      | Gained mutation: You sometimes gain power by taking damage.
                  | [demonic ancestry]
  1768 | D:3      | Reached XP level 6. HP: 48/48 MP: 6/6
  2015 | D:3      | Found a shimmering blue altar of Sif Muna.
  2223 | D:4      | Found a staircase to the Ecumenical Temple.
  2242 | Temple   | Entered the Ecumenical Temple
  2337 | Temple   | Became a worshipper of Dithmenos the Shadowed
  2498 | D:4      | Noticed a water moccasin
  2510 | D:4      | Killed a water moccasin
  2799 | D:4      | Found Hunlatif's Lightly-Used Armoury.
  2806 | D:4      | Bought a -1 demon blade for 140 gold pieces
  2936 | D:5      | Entered Level 5 of the Dungeon
  3134 | D:4      | Reached skill level 5 in Dodging
  3134 | D:4      | Gained mutation: You sometimes emit foul miasma when
                  | damaged in melee. [demonic ancestry]
  3134 | D:4      | Reached XP level 7. HP: 49/54 MP: 7/7
  3149 | D:4      | Gained mutation: You have a somewhat thin skeletal
                  | structure. (Dex +2, Stealth+) [potion of mutation]
  3149 | D:4      | Gained mutation: Your system is resistant to poisons.
                  | (rPois) [potion of mutation]
  3149 | D:4      | Lost mutation: Your system is resistant to poisons. (rPois)
                  | [potion of mutation]
  3149 | D:4      | Gained mutation: You are covered in fur. (AC +1) [potion of
                  | mutation]
  3150 | D:4      | Killed from afar by an orc priest

Illustrated notes

Levels and vault maps discovered:
D:1:      matt_arrival_grand_opening, layout_basic, patterned_corridor
D:2:      layout_basic, uniq_sigmund
D:3:      layout_rooms, nicolae_sif_muna_little_library,
          minmay_misc_feat_square, minmay_between
D:4:      layout_gridville, minmay_temple_entry_antechambers,
          minmay_shop_damaged, minmay_a_box_with_orc_wizards_in_it
D:5:      layout_loops_ring, kennysheep_mini, nrook_campfire,
          grunt_decor_junction
Temple:   hellmonk_temple_beads

Skill      XL: |  1  2  3  4  5  6 |
---------------+-------------------+-----
Fighting       | 3 4 |  4.0
Short Blades   | 4 5 |  5.0
Dodging        | 3 5 |  5.0
Long Blades    | |  0.5
Throwing       | |  1.7

Action                     |  1- 3 |  4- 6 |  7- 9 || total
---------------------------+-------+-------+-------++-------
  Melee: Rapier            |    13 |       |       ||    13
         Dagger            |    98 |   106 |       ||   204
         Demon blade       |       |    26 |    10 ||    36
         Punch             |       |     2 |       ||     2
  Throw: Throwing net      |     1 |       |     2 ||     3
         Javelin           |       |     1 |       ||     1
    Use: Scroll            |     2 |     5 |       ||     7
         Potion            |       |       |     1 ||     1
   Stab: Sleeping          |     2 |     1 |       ||     3
         Held in net/web   |     2 |       |     1 ||     3
 Armour: Leather armour    |    29 |    36 |     6 ||    71
  Dodge: Dodged            |    41 |    90 |    19 ||   150

Table legend: (Time is in decaauts)
 A = Elapsed time spent in this place.
 B = Non-inter-level travel time spent in this place.
 C = Inter-level travel time spent in this place.
 D = Time resting spent in this place.
 E = Time spent auto-exploring this place.
 F = Levels seen in this place.
 G = Mean time per level.
                   A        B        C        D        E       F      G
               +--------+--------+--------+--------+--------+-----+--------+
         Total |   3116 |   2943 |    173 |    323 |   2075 |   6 |  519.3 |
       Dungeon |   3007 |   2848 |    159 |    323 |   1991 |   5 |  601.4 |
        Temple |    108 |     95 |     13 |      0 |     84 |   1 |  108.0 |
               +--------+--------+--------+--------+--------+-----+--------+

Top non-repeatable levels by time:
     D:1: 977 daAuts
     D:4: 909 daAuts
     D:2: 659 daAuts
     D:3: 428 daAuts
  Temple: 108 daAuts
     D:5: 33 daAuts
